 Dungeon Crawl Stone Soup version 0.25-a0-697-g890751e744 (webtiles) character file.

Game seed: 17636382327127176739, levelgen mode: deterministic

25566 Hartz the Geomancer (level 13, -2/79 HPs)
             Began as a Gargoyle Earth Elementalist on Apr 1, 2020.
             Was a Follower of Vehumet.
             Slain by a freezing wraith (4 damage)
             ... led by a death knight
             ... on level 13 of the Dungeon.
             The game lasted 00:47:49 (15526 turns).

Hartz the Geomancer (Gargoyle Earth Elementalist)  Turns: 15526, Time: 00:47:50

Health: -2/79      AC: 25    Str: 16    XL:     13   Next: 20%
Magic:  5/25       EV: 17    Int: 23    God:    Vehumet [*.....]
Gold:   1298       SH:  0    Dex: 19    Spells: 17/29 levels left

rFire    + + +     SeeInvis .   G - +10 mace "Gacwunim" {vorpal, Dex+4}
rCold    . . .     Gourm    .   (no shield)
rNeg     + . .     Faith    .   f - +0 leather armour "Pacyu" {rElec rPois rF+ Str+3}
rPois    ∞         Spirit   .   j - +1 helmet {Int+3}
rElec    +         Reflect  .   r - +1 cloak
rCorr    .         Harm     .   w - +1 pair of gloves {archery}
MR       .....                  c - +2 pair of boots
Stlth    ++........             (no amulet)
HPRegen  0.23/turn              I - +3 ring of dexterity
MPRegen  0.19/turn              o - ring of protection from fire

@: no status effects
A: hooves 1, slimy green scales 1, agile 1, fire resistance 1, negative energy
resistance 1, electricity resistance, unbreathing, petrification resistance, rot
immunity, AC +9
a: Renounce Religion


You were on level 13 of the Dungeon.
You worshipped Vehumet.
Vehumet was aware of your devotion.
You were not hungry.

You visited 2 branches of the dungeon, and saw 14 of its levels.
You also visited: Trove and Sewer.

You collected 1298 gold pieces.

Inventory:

Hand Weapons
 a - a +3 eveningstar
 A - the +8 long sword of Yviunten {freeze, rPois rF+ Dex-2}
   (You found it on level 7 of the Dungeon)

   It has been specially enchanted to freeze those struck by it, causing extra
   injury to most foes and up to half again as much damage against particularly
   susceptible opponents.
   It can also slow down cold-blooded creatures.
   It affects your dexterity (-2).
   It protects you from fire.
   It protects you from poison.
 G - the +10 mace "Gacwunim" (weapon) {vorpal, Dex+4}
   (You found it on level 12 of the Dungeon)

   It inflicts extra damage upon your enemies.
   It affects your dexterity (+4).
 K - the +10 great mace "Okloaf" {freeze, +Fly rF+ Int+2}
   (You found it on level 10 of the Dungeon)

   It has been specially enchanted to freeze those struck by it, causing extra
   injury to most foes and up to half again as much damage against particularly
   susceptible opponents.
   It can also slow down cold-blooded creatures.
   It affects your intelligence (+2).
   It protects you from fire.
   It lets you fly.
Missiles
 b - 105 stones (quivered)
 i - 18 javelins
 y - 2 throwing nets
Armour
 c - a +2 pair of boots (worn)
 f - the +0 leather armour "Pacyu" (worn) {rElec rPois rF+ Str+3}
   (You found it on level 5 of the Dungeon)

   It affects your strength (+3).
   It protects you from fire.
   It insulates you from electricity.
   It protects you from poison.
 j - a +1 helmet of intelligence (worn)
 l - a +3 leather armour
 r - a +1 cloak (worn)
 w - a +1 pair of gloves of archery (worn)
 z - +0 steam dragon scales
 B - a +2 hat
Magical Staves
 M - an uncursed staff of wizardry {unknown}
Jewellery
 h - an uncursed ring of positive energy
 o - a ring of protection from fire (right hand)
 I - a +3 ring of dexterity (left hand)
Wands
 x - a wand of clouds (3)
 C - a wand of flame (4)
 F - a wand of enslavement (18)
Scrolls
 p - 7 scrolls of teleportation
 u - 3 scrolls of fear
 v - 4 scrolls of magic mapping
 E - a scroll of remove curse
 H - 2 scrolls of identify
 J - 2 scrolls of amnesia
Potions
 e - 2 potions of brilliance
 g - 2 potions of might
 k - a potion of magic
 m - 3 potions of haste
 n - 8 potions of curing
 q - 3 potions of stabbing
 s - 2 potions of cancellation
 D - a potion of invisibility
Comestibles
 d - 24 rations
 t - 8 chunks of flesh


   Skills:
 + Level 8.5 Fighting
 + Level 7.8 Maces & Flails
 - Level 6.0 Armour
 + Level 6.6 Dodging
 - Level 2.1 Stealth
 + Level 8.5 Spellcasting
 + Level 9.7 Conjurations
   Level 0.7 Transmutations
 + Level 11.3 Earth Magic
 + Level 5.4 Evocations


You had 17 spell levels left.
You knew the following spells:

 Your Spells              Type           Power        Failure   Level  Hunger
a - Sandblast             Erth           ######       1%          1    None
b - Stone Arrow           Conj/Erth      ######       1%          3    None
c - Lee's Rapid Deconstr  Erth           ######....   1%          5    #####..
d - Dazzling Flash        Conj/Hex       ####..       3%          3    None

Your spell library contained the following spells:

 Spells                   Type           Power        Failure   Level  Hunger
 Airstrike                Air            #.........   61%         4    ##.....
 Magic Dart               Conj           ####         1%          1    None
 Passwall                 Tmut/Erth      #####...     1%          2    None
 Searing Ray              Conj           ######       1%          2    None
 Petrify                  Tmut/Erth      #####...     6%          4    ##.....
 Animate Skeleton         Necr           N/A          8%          1    None
 Apportation              Tloc           #.....       8%          1    None
 Corona                   Hex            #......      8%          1    None
 Summon Small Mammal      Summ           #...         8%          1    None
 Leda's Liquefaction      Hex/Erth       #####.....   8%          4    ##.....
 Fulminant Prism          Conj/Hex       ####......   11%         4    ##.....
 Iskenderun's Mystic Bla  Conj/Tloc      ####....     11%         4    ##.....
 Ensorcelled Hibernation  Hex/Ice        #.....       12%         2    None
 Slow                     Hex            #.......     12%         2    None
 Confusing Touch          Hex            #.......     24%         3    None
 Inner Flame              Hex/Fire       #.......     24%         3    None
 Portal Projectile        Hex/Tloc       #.....       24%         3    None
 Tukima's Dance           Hex            #.......     24%         3    None
 Cause Fear               Hex            #.........   61%         4    ##.....


Dungeon Overview and Level Annotations

Branches:
Dungeon (13/15)            Temple (1/1) D:7            Lair (0/6) D:8
    Orc (0/2) D:11          Sewer (visited)
 Vaults: D:13-14

Altars:
Ashenzari
Cheibriados
Dithmenos
Elyvilon
Gozag
Hepliaklqana
Kikubaaqudgha
Makhleb
Nemelex Xobeh
Okawaru
Qazlal
Ru
Uskayaw
Vehumet
Wu Jian
Xom
Yredelemnul
Zin
The Shining One
Beogh

Shops:
D:7 =


Innate Abilities, Weirdness & Mutations

You are resistant to torment.
Your stone body is resilient. (AC +9)
You are immune to poison.
You resist negative energy. (rN+)
You are resistant to electric shocks. (rElec)
You can survive without breathing.
You are immune to petrification.
You are immune to rotting.
You have large cloven feet.
You are partially covered in slimy green scales. (AC +2)
You are agile. (Dex +2)
Your flesh is heat resistant. (rF+)


Message History

Confirm with . or Enter, or press ? or * to list all spells.
Aiming: Stone Arrow (safe; 1% risk of failure)
Press: ? - help, Shift-Dir - straight line, f/p - death knight
Aim: a death knight, wielding a +4 morningstar of flaming and wearing a +0 chain mail (almost dead)
The stone arrow hits the death knight!
You kill the death knight!
Vehumet accepts your kill.
The freezing wraith hits you but does no damage. x2
Casting: Stone Arrow (safe; 1% risk of failure)
Confirm with . or Enter, or press ? or * to list all spells.
Aiming: Stone Arrow (safe; 1% risk of failure)
Press: ? - help, Shift-Dir - straight line, f - freezing wraith
Aim: a freezing wraith (lightly damaged)
The stone arrow misses the freezing wraith.
The freezing wraith hits you.
* * * LOW HITPOINT WARNING * * *
The freezing wraith freezes you!
* * * LOW HITPOINT WARNING * * *
The freezing wraith hits you.
You die...

......# #...........#
......# #...........#
......# #...........#
.....## ###....######
.....# #....# .....#
#....# .....# #....#
.)...# #....# .....#
#.)@.#
....(#########.W..##
#####......W.z.....#
#...#..............#
#...#..............#
###'#..............####
......#########....#..#
......'...#...#....#..#
......#...#...#....+..#


You could see a skeletal warrior, a phantasmal warrior and a freezing wraith.

Vanquished Creatures
  Harold (D:9)
  Erolcha (D:12)
  2 death knights
  2 centaur warriors (D:13)
  3 two-headed ogres (D:13)
  Urug (D:10)
  2 skeletal warriors
  2 unseen horrors (D:13)
  Pikel (D:4)
  2 orc knights
  A manticore (D:10)
  A deep elf mage (D:13)
  A cyclops (D:13)
  2 ugly things (D:13)
  Joseph (D:10)
  Maggie (D:6)
  3 freezing wraiths
  6 trolls
  Grinder (D:3)
  4 slime creatures
  3 hippogriffs (D:13)
  Sigmund (D:2)
  A spriggan (D:12)
  A wyvern (D:8)
  3 wraiths
  8 yaks
  Grum (D:10)
  6 vampire mosquitoes
  A hungry ghost (D:7)
  Menkaure (D:7)
  Duvessa (D:5)
  An acid dragon (D:10)
  A water moccasin (D:10)
  4 ice beasts
  5 orc warriors
  7 sky beasts
  A black bear (D:13)
  3 phantoms
  9 centaurs
  5 ogres
  2 wolves (D:10)
  A crocodile (D:12)
  A big kobold (D:10)
  6 bullfrogs
  2 gnoll sergeants
  Dowan (D:5)
  A wyvern skeleton (D:10)
  4 scorpions
  7 wights (D:10)
  2 howler monkeys
  4 crimson imps
  4 quasits
  2 bullfrog zombies
  2 centaur skeletons
  3 hounds
  2 jellies
  Crazy Yiuf (D:2)
  8 orc priests
  4 bullfrog skeletons
  4 iguanas
  10 orc wizards
  7 worker ants
  Robin (D:1)
  2 worker ant zombies (D:6)
  19 adders
  6 gnolls
  3 river rats (Sewer)
  A howler monkey skeleton (D:11)
  7 shadow imps
  2 oozes
  An adder zombie (D:6)
  2 adder skeletons
  6 worms
  5 leopard geckos
  56 orcs
  14 ball pythons
  2 bats
  5 giant cockroaches
  11 goblins
  9 hobgoblins
  5 jackals
  6 quokkas
  9 frilled lizards
  11 kobolds
  A leopard gecko skeleton (D:6)
  A leopard gecko zombie (D:5)
  A quokka zombie (D:5)
  28 rats
393 creatures vanquished.

Vanquished Creatures (others)
  An adder (D:4)
  A shadow imp (D:10)
  A giant cockroach (D:4)
3 creatures vanquished.

Grand Total: 396 creatures vanquished

Notes
Turn   | Place    | Note
-------+----------+-------------------------------------------
     0 | D:1      | Hartz the Gargoyle Earth Elementalist began the quest for
                  | the Orb.
     0 | D:1      | Reached XP level 1. HP: 10/10 MP: 3/3
   342 | D:1      | Reached skill level 4 in Earth Magic
   342 | D:1      | Reached XP level 2. HP: 15/15 MP: 1/5
  1039 | D:1      | Reached XP level 3. HP: 9/19 MP: 2/6
  1306 | D:1      | Learned a level 3 spell: Stone Arrow
  1788 | D:2      | Found a shattered altar of Ashenzari,
  1877 | D:2      | Noticed Robin
  1902 | D:1      | HP: 1/28 [Robin/puff of flame (2)]
  1905 | D:1      | Killed Robin
  2344 | D:2      | Reached skill level 1 in Conjurations
  2345 | D:2      | Reached XP level 4. HP: 12/24 MP: 4/8
  2710 | D:2      | Noticed Sigmund
  2738 | D:2      | Gained mutation: You have supernaturally acute eyesight.
                  | (SInv) [potion of mutation]
  2738 | D:2      | Gained mutation: You are dopey. (Int -2) [potion of
                  | mutation]
  2738 | D:2      | Gained mutation: Your muscles are strong. (Str +2) [potion
                  | of mutation]
  2745 | D:2      | Killed Sigmund
  2745 | D:2      | Reached skill level 5 in Earth Magic
  2745 | D:2      | Reached XP level 5. HP: 19/28 MP: 4/10
  2781 | D:2      | Learned a level 5 spell: Lee's Rapid Deconstruction
  2841 | D:2      | Found a runed translucent door,
  2910 | D:2      | Noticed Crazy Yiuf
  2916 | D:2      | Killed Crazy Yiuf
  2916 | D:2      | Reached XP level 6. HP: 25/32 MP: 1/11
  3507 | D:3      | Reached skill level 6 in Earth Magic
  3521 | D:3      | Found a sacrificial altar of Ru,
  3532 | D:3      | Found a glowing drain,
  3541 | Sewer    | Entered a sewer
  4083 | Sewer    | Reached XP level 7. HP: 32/36 MP: 7/13
  4656 | D:3      | Noticed Grinder
  4656 | D:3      | Paralysed by Grinder for 5 turns
  4669 | D:3      | Paralysed by Grinder for 6 turns
  4676 | D:3      | Killed Grinder
  4676 | D:3      | Reached skill level 1 in Fighting
  4676 | D:3      | Reached skill level 1 in Maces & Flails
  4676 | D:3      | Reached skill level 1 in Armour
  5083 | D:4      | Reached XP level 8. HP: 43/43 MP: 15/15
  5148 | D:4      | Reached skill level 7 in Earth Magic
  5420 | D:4      | Found an ancient bone altar of Kikubaaqudgha,
  5423 | D:4      | Found a hide-covered altar of Uskayaw,
  5426 | D:4      | Found a stormy altar of Qazlal,
  5651 | D:4      | Lost mutation: You are dopey. (Int -2) [potion of mutation]
  5651 | D:4      | Lost mutation: Your muscles are strong. (Str +2) [potion of
                  | mutation]
  5651 | D:4      | Lost mutation: You have supernaturally acute eyesight.
                  | (SInv) [potion of mutation]
  5651 | D:4      | Gained mutation: You can translocate small distances at
                  | will. [potion of mutation]
  5651 | D:4      | Gained mutation: You are dopey. (Int -2) [potion of
                  | mutation]
  5651 | D:4      | Gained mutation: You passively map a small area around you.
                  | [potion of mutation]
  5651 | D:4      | Gained mutation: You have a somewhat thin skeletal
                  | structure. (Dex +2, Stealth) [potion of mutation]
  5736 | D:4      | Noticed Pikel
  5757 | D:4      | Killed Pikel
  5757 | D:4      | Reached skill level 5 in Spellcasting
  5757 | D:4      | Reached skill level 5 in Conjurations
  5980 | D:5      | Entered Level 5 of the Dungeon
  5997 | D:5      | Noticed Dowan
  6000 | D:5      | Noticed Duvessa
  6011 | D:5      | Killed Duvessa
  6015 | D:5      | Killed Dowan
  6015 | D:5      | Reached XP level 9. HP: 43/49 MP: 4/17
  6134 | D:5      | Found an opulent altar of Gozag,
  6287 | D:5      | Got a pitted leather armour
  6298 | D:5      | Identified the cursed +0 leather armour "Pacyu" {rElec
                  | rPois rF+ Str+3} (You found it on level 5 of the Dungeon)
  6977 | D:6      | Noticed Maggie
  6987 | D:6      | Killed Maggie
  6987 | D:6      | Reached skill level 8 in Earth Magic
  7213 | D:6      | Found an iron altar of Okawaru,
  7306 | D:6      | Found a white marble altar of Elyvilon,
  7792 | D:7      | Found Ceogeufo's Jewellery Shoppe,
  7806 | D:7      | Got a jewelled long sword
  7807 | D:7      | Identified the +8 long sword of Yviunten {freeze, rPois rF+
                  | Dex-2} (You found it on level 7 of the Dungeon)
  7877 | D:7      | Found a staircase to the Ecumenical Temple,
  7922 | Temple   | Entered the Ecumenical Temple
  8060 | Temple   | Became a worshipper of Vehumet
  8098 | D:7      | Reached XP level 10. HP: 58/58 MP: 15/19
  8311 | D:7      | Noticed Menkaure
  8316 | D:7      | Killed Menkaure
  8382 | D:7      | Found a snail-covered altar of Cheibriados,
  8546 | D:7      | Found an iron altar of Okawaru,
  8548 | D:7      | Found a basalt altar of Yredelemnul,
  8548 | D:7      | Found a basalt altar of Yredelemnul,
  8550 | D:7      | Found a sacrificial altar of Ru,
  8550 | D:7      | Found a shimmering altar of Xom,
  8550 | D:7      | Found an iron altar of Okawaru,
  8629 | D:8      | Found a sparkling altar of Nemelex Xobeh,
  8697 | D:8      | Found a basalt altar of Yredelemnul,
  8905 | D:8      | Reached * piety under Vehumet
  8905 | D:8      | Offered knowledge of Shock by Vehumet.
  8984 | D:8      | Reached skill level 5 in Fighting
  9054 | D:8      | Reached skill level 5 in Armour
  9162 | D:8      | Learned a level 3 spell: Dazzling Flash
  9543 | D:8      | Found a staircase to the Lair,
 10206 | D:9      | Reached skill level 9 in Earth Magic
 10263 | D:10     | Entered Level 10 of the Dungeon
 10267 | D:10     | Reached skill level 1 in Evocations
 10378 | D:10     | Reached skill level 5 in Maces & Flails
 10401 | D:10     | Reached ** piety under Vehumet
 10410 | D:10     | Offered knowledge of Foxfire by Vehumet.
 10418 | D:10     | Noticed a manticore
 10444 | D:10     | Killed a manticore
 10444 | D:10     | Reached XP level 11. HP: 33/64 MP: 10/21
 10704 | D:10     | Offered knowledge of Frozen Ramparts by Vehumet.
 10857 | D:10     | Got a transparent great mace
 10878 | D:10     | Identified the +10 great mace "Okloaf" {freeze, +Fly rF+
                  | Int+2} (You found it on level 10 of the Dungeon)
 10976 | D:10     | Noticed Joseph
 10979 | D:10     | Noticed Harold
 10980 | D:10     | Noticed a +7 great sword
 10980 | D:10     | Noticed an orc knight
 11023 | D:9      | Killed an orc knight
 11327 | D:10     | Noticed Urug
 11339 | D:9      | Killed Harold
 11339 | D:9      | Reached skill level 5 in Dodging
 11443 | D:10     | Killed Joseph
 11448 | D:10     | Killed Urug
 11456 | D:10     | Noticed Grum
 11577 | D:10     | Killed Grum
 12107 | D:11     | Lost mutation: You passively map a small area around you.
                  | [potion of mutation]
 12107 | D:11     | Lost mutation: You are dopey. (Int -2) [potion of mutation]
 12107 | D:11     | Lost mutation: You can translocate small distances at will.
                  | [potion of mutation]
 12107 | D:11     | Lost mutation: You have a somewhat thin skeletal structure.
                  | (Dex +2, Stealth) [potion of mutation]
 12107 | D:11     | Gained mutation: You are partially covered in slimy green
                  | scales. (AC +2) [potion of mutation]
 12107 | D:11     | Gained mutation: You have large cloven feet. [potion of
                  | mutation]
 12107 | D:11     | Gained mutation: You are agile. (Dex +2) [potion of
                  | mutation]
 12107 | D:11     | Gained mutation: Your flesh is heat resistant. (rF+)
                  | [potion of mutation]
 12147 | D:11     | Reached skill level 10 in Earth Magic
 12368 | D:11     | Reached *** piety under Vehumet
 12524 | D:11     | Noticed an orc knight
 12529 | D:11     | Found a roughly hewn altar of Beogh,
 12531 | D:11     | Found a staircase to the Orcish Mines,
 12534 | D:11     | Killed an orc knight
 12733 | D:12     | Noticed Erolcha
 12759 | D:12     | Offered knowledge of Airstrike by Vehumet.
 12771 | D:12     | Killed Erolcha
 12771 | D:12     | Reached XP level 12. HP: 71/71 MP: 5/23
 13051 | D:12     | Identified the +10 mace "Gacwunim" {vorpal, Dex+4} (You
                  | found it on level 12 of the Dungeon)
 13164 | D:12     | Noticed a death knight
 13183 | D:12     | Killed a death knight
 13492 | D:12     | Reached **** piety under Vehumet
 13638 | D:12     | Found a portal to a secret trove of treasure,
 13654 | Trove    | Entered a treasure trove
 13725 | Trove    | Got a jewelled cloak
 13736 | Trove    | Identified the +0 cloak of Proximity {rElec rN+ Int-2} (You
                  | found it in a treasure trove)
 14103 | D:13     | Noticed a two-headed ogre
 14278 | D:13     | Noticed a centaur warrior
 14289 | D:13     | Killed a centaur warrior
 14750 | D:13     | Noticed a centaur warrior
 14763 | D:13     | Killed a centaur warrior
 14800 | D:13     | Reached skill level 11 in Earth Magic
 15010 | D:13     | Reached skill level 5 in Evocations
 15036 | D:13     | Noticed a two-headed ogre
 15044 | D:13     | Killed a two-headed ogre
 15057 | D:13     | Reached XP level 13. HP: 55/78 MP: 25/25
 15526 | D:13     | HP: 2/79 [freezing wraith[a death knight] (14)]
 15526 | D:13     | Slain by a freezing wraith

Levels and vault maps discovered:
D:1:      dpeg_chamrin_arrival_tetris, layout_loops_corners
D:2:      wad_pebble_path, layout_loops_cross, evilmike_ruin_ashenzari,
          uniq_robin, uniq_sigmund, uniq_crazy_yiuf_cottage
D:3:      layout_rooms, nicolae_overflow_hidden_temple, first_ration,
          portal_sewer_entry_d, uniq_grinder
D:4:      layout_basic, grunt_temple_overflow_diamond, grunt_ministairs_7,
          uniq_pikel
D:5:      layout_loops_ring, nicolae_gozag_seed_capital,
          hangedman_abyss_or_decor_stagger, grunt_ministairs_4, uniq_duvessa
D:6:      layout_gridville, kennysheep_mini, elyvilon_altar_1, uniq_maggie
D:7:      layout_basic, slow_altar_2, doesnt_xom_only_xom,
          minmay_temple_entry_slanted, serial_shops, shop, uniq_menkaure
D:8:      minmay_polygon_palace, layout_basic, lemuel_doored_altar,
          lair_entry_dummy, yredelemnul_altar_generic
D:9:      layout_loops_cross
D:10:     minmay_the_grid_octo_tiled_squarecenter [minmay_the_grid_octo_teeth,
          minmay_the_grid_octo_thin_diamonds,
          minmay_the_grid_octo_tetromino_candy, minmay_the_grid_octo_fan_narrow,
          minmay_the_grid_square_5x5_megaprize_crossed,
          minmay_the_grid_square_5x5_two_small,
          minmay_the_grid_square_5x5_lines,
          minmay_the_grid_square_5x5_bracketed,
          minmay_the_grid_square_5x5_shrine1], layout_loops_cross,
          sword_in_stone, uniq_grum
D:11:     layout_rooms, david_orc_5
D:12:     layout_small_grid, enter_trove_0, the_bakery, uniq_erolcha
D:13:     layout_gridville
Temple:   minmay_temple_curvy_loop

Skill      XL: |  1  2  3  4  5  6  7  8  9 10 11 12 |
---------------+-------------------------------------+-----
Earth Magic    | 4 5 6 7 8 9 10 11 | 11.3
Conjurations   | 1 2 3 4 5 6 7 8 9 |  9.7
Spellcasting   | 3 4 5 6 7 8 |  8.5
Fighting       | 1 2 4 5 6 8 |  8.5
Maces & Flails | 1 2 4 5 6 7 |  7.8
Armour         | 1 2 4 5 6 |  6.0
Dodging        | 2 3 4 5 6 |  6.6
Evocations     | 2 3 5 |  5.4
Stealth        | |  2.1
Transmutations | |  0.7

Action                   |  1- 3 |  4- 6 |  7- 9 | 10-12 | 13-15 || total
-------------------------+-------+-------+-------+-------+-------++-------
Melee: Club              |     6 |       |       |       |       ||     6
       Dagger            |    70 |    10 |       |       |       ||    80
       Mace              |       |    51 |    61 |   137 |    39 ||   288
       Flail             |       |       |   184 |       |       ||   184
       Long sword        |       |       |    17 |   155 |       ||   172
       Great mace        |       |       |       |    51 |       ||    51
Throw: Javelin           |    14 |       |       |       |       ||    14
       Throwing net      |       |       |       |     1 |       ||     1
 Cast: Sandblast         |    29 |    66 |    83 |   118 |    11 ||   307
       Stone Arrow       |     1 |     4 |     9 |    37 |     8 ||    59
       Lee's Rapid Decon |       |       |     4 |    40 |       ||    44
       Dazzling Flash    |       |       |       |     2 |       ||     2
Evoke: Wand              |       |    10 |       |    13 |     1 ||    24
       Phantom mirror    |       |       |       |     3 |       ||     3
  Use: Potion            |     1 |     4 |     4 |     5 |       ||    14
       Scroll            |       |     6 |    12 |    12 |     1 ||    31
 Stab: Invisible         |       |     1 |       |       |       ||     1
       Sleeping          |       |     2 |     8 |     7 |       ||    17
       Distracted        |       |       |     1 |     1 |       ||     2
       Confused          |       |       |       |       |     2 ||     2
  Eat: Chunk             |     4 |     7 |    15 |    25 |     1 ||    52
       Ration            |       |       |       |     3 |       ||     3
Armor: Robe              |    22 |    33 |   101 |       |       ||   156
       Skin              |       |     2 |       |       |       ||     2
       Leather armour    |       |       |   100 |   320 |    44 ||   464
Dodge: Dodged            |    65 |   107 |   263 |   409 |    77 ||   921
       Rpst.: Long sword |       |       |     3 |    31 |       ||    34

Table legend:
 A = Non-vault XP
 B = Vault XP
 C = Vault XP percentage of total XP
 D = Non-vault monster count
 E = Vault monster count
 F = Vault count percentage of total count
                 A         B        C        D         E       F
            +---------+---------+-------+---------+---------+-------
      Total |   25167 |   11357 |  31.1 |     260 |     133 |  33.8
            +---------+---------+-------+---------+---------+-------
        D:1 |      44 |      16 |  26.7 |      22 |       1 |   4.3
        D:2 |      12 |     285 |  96.0 |       7 |      13 |  65.0
        D:3 |     205 |     291 |  58.7 |      28 |       2 |   6.7
        D:4 |     256 |     719 |  73.7 |      10 |       3 |  23.1
        D:5 |     416 |     341 |  45.0 |      14 |       3 |  17.6
        D:6 |     942 |     404 |  30.0 |      27 |       1 |   3.6
        D:7 |    1080 |     174 |  13.9 |      24 |       2 |   7.7
        D:8 |     428 |     532 |  55.4 |       8 |       8 |  50.0
        D:9 |     829 |    1562 |  65.3 |       7 |       2 |  22.2
       D:10 |    1714 |    4300 |  71.5 |      31 |      24 |  43.6
       D:11 |    1373 |    1185 |  46.3 |       8 |      24 |  75.0
       D:12 |    4375 |    1225 |  21.9 |      36 |       2 |   5.3
       D:13 |   13493 |       0 |   0.0 |      38 |       0 |   0.0
      Sewer |       0 |     323 | 100.0 |       0 |      48 | 100.0
            +---------+---------+-------+---------+---------+-------
